 Dungeon Crawl Stone Soup version 0.31-a0-799-g6bc09d010c (webtiles) character file.

Game seed: 7306366181675872971

197 DocEon the Magician (level 5, -3/28 HPs)
             Began as a Deep Elf Conjurer on Sept 19, 2023.
             Slain by a steam dragon (5 damage)
             ... on level 4 of the Dungeon.
             The game lasted 00:03:22 (3164 turns).

DocEon the Magician (Deep Elf Conjurer)             Turns: 3164, Time: 00:03:23

Health: -3/28      AC:  4    Str:  4    XL:     5   Next: 46%
Magic:  4/14       EV: 13    Int: 25    God:
Gold:   176        SH:  0    Dex: 15    Spells: 3/14 levels left

rFire   . . .        l - +1 war axe of Ripu {elec, *Noise rN++ rCorr Dex+2}
rCold   . . .        (no shield)
rNeg    + + .        a - +0 robe
rPois   .            u - +1 helmet
rElec   .            (no cloak)
rCorr   +            (no gloves)
SInv    .            (no boots)
Will    .....        e - amulet of faith
Stlth   ++           (no ring)
HPRegen 0.24/turn    (no ring)
MPRegen 0.14/turn

%: faith
@: very slightly contaminated, hasted, very quick
A: no striking features
a: no special abilities


You were on level 4 of the Dungeon.
You visited 1 branch of the dungeon, and saw 4 of its levels.

You collected 247 gold pieces.
You spent 71 gold pieces at shops.

Inventory:

Hand Weapons
 l - the +1 war axe of Ripu (weapon) {elec, *Noise rN++ rCorr Dex+2}
   (You found it on level 2 of the Dungeon)

   Dex+2:     It affects your dexterity (+2).
   rN++:      It greatly protects you from negative energy.
   *Noise:    It may make a loud noise when swung.
   rCorr:     It protects you from acid and corrosion.
Armour
 a - a +0 robe (worn)
 u - a +1 helmet (worn)
Jewellery
 e - an amulet of faith (around neck)
Scrolls
 c - a scroll of immolation {unknown}
 q - a scroll of teleportation
Potions
 b - a potion of magic
 f - a potion of brilliance
 i - a potion of might
 j - a potion of haste
 k - a potion of heal wounds {unknown}
 o - a potion of curing {unknown}
 r - a potion of lignification {unknown}
 t - a potion of resistance {unknown}


   Skills:
 + Level 3.8 Dodging
 - Level 2.7 Stealth
 * Level 5.3 Spellcasting
 + Level 5.1 Conjurations
 + Level 1.6 Hexes
 + Level 1.2 Translocations


You had 3 spell levels left.
You knew the following spells:

 Your Spells              Type           Power      Damage    Failure   Level
a - Magic Dart            Conj           100%       1d8       1%          1
b - Searing Ray           Conj           64%        2d6       1%          2
c - Fulminant Prism       Conj/Hex       11%        3d8       19%         4
d - Iskenderun's Mystic   Conj/Tloc      22%        2d6       22%         4

Your spell library contained the following spells:

 Spells                   Type           Power      Damage    Failure   Level
 Dazzling Flash           Conj/Hex       46%        N/A       6%          3


Dungeon Overview and Level Annotations

Branches:
Dungeon (4/15)
 Temple: D:4-7

Altars:

Shops:
D:1 [   D:3 *


Message History

HP restored.
You climb downwards.
There is a stone staircase leading up here.
Casting: Magic Dart (safe; 1% risk of failure)
Confirm with . or Enter, or press ? or * to list all spells.
Aiming: Fulminant Prism (extremely dangerous; 19% risk of failure)
Press: ? - help, Dir - move target You miscast Fulminant Prism.
You are very lightly contaminated with residual magic.
Nothing appears to happen.
Casting: Fulminant Prism (extremely dangerous; 19% risk of failure)
Confirm with . or Enter, or press ? or * to list all spells.
Aiming: Searing Ray (safe; 1% risk of failure)
Press: ? - help, Shift-Dir - straight line The searing ray hits the steam dragon!
The steam dragon is moderately wounded. (Press . to maintain the ray.)
The steam dragon breathes steam at you. The ball of steam hits you!!
Ouch! That really hurt!
The searing ray hits the steam dragon but does no damage.
The steam dragon is moderately wounded.
You are engulfed in a cloud of scalding steam.
The steam dragon bites you.
The steam dragon claws you but does no damage.
Casting: Searing Ray (safe; 1% risk of failure)
Confirm with . or Enter, or press ? or * to list all spells.
You miscast Iskenderun's Mystic Blast.
Nothing appears to happen.
The steam dragon bites you!
* * * LOW HITPOINT WARNING * * *
The steam dragon claws you but does no damage.
The steam dragon misses you. The steam dragon closely misses you.
Okay, then.
Casting: Iskenderun's Mystic Blast (extremely dangerous; 22% risk of failure)
Confirm with . or Enter, or press ? or * to list all spells.
You don't have enough magic to cast this spell.
You aren't carrying any items that you can evoke.
Unknown command.
You feel yourself speed up. The steam dragon bites you.
You die...

#..#...##### .
#..##......# .
##..........## .
#.........>..## .
#.............###
#...........#...###
...........###....##
....†...D<.#
###..D#####
.......@.§.#
##.......
.##.......##
###..... ####...##
#..... ##### ##...##
####.)..#
####.......#
###.....####.#
#..###### ### ####


You could see a steam dragon.

Vanquished Creatures
  An ogre (D:4)
  5 adders
  2 worms
  3 dart slugs
  4 orcs
  5 endoplasms
  5 goblins
  6 hobgoblins
  7 kobolds
  3 quokkas
  6 ball pythons
  6 bats
  A frilled lizard (D:1)
  5 rats
59 creatures vanquished.

Notes
Turn   | Place    | Note
-------+----------+-------------------------------------------
     0 | D:1      | DocEon the Deep Elf Conjurer began the quest for the Orb.
     0 | D:1      | Reached XP level 1. HP: 10/10 MP: 6/6
    79 | D:1      | Found Ysang's Armour Shop.
   308 | D:1      | Reached XP level 2. HP: 15/15 MP: 0/8
  1100 | D:2      | Reached XP level 3. HP: 14/19 MP: 1/10
  1104 | D:2      | Learned a level 2 spell: Searing Ray
  1219 | D:2      | Found a faded altar of an unknown god.
  1259 | D:2      | Identified the +1 war axe of Ripu {elec, *Noise rN++ rCorr
                  | Dex+2}
  1772 | D:2      | Reached XP level 4. HP: 24/24 MP: 7/12
  1817 | D:2      | Learned a level 4 spell: Fulminant Prism
  1822 | D:2      | Learned a level 4 spell: Iskenderun's Mystic Blast
  2216 | D:3      | Found Hynomyr's General Store.
  2224 | D:3      | Bought a scroll of identify for 22 gold pieces
  2224 | D:3      | Bought a +0 helmet for 49 gold pieces
  2898 | D:4      | Reached skill level 5 in Conjurations
  2904 | D:4      | Noticed an ogre
  2985 | D:4      | Killed an ogre
  2986 | D:4      | Reached skill level 5 in Spellcasting
  2986 | D:4      | Reached skill level 1 in Hexes
  2986 | D:4      | Reached skill level 1 in Translocations
  2986 | D:4      | Reached XP level 5. HP: 28/28 MP: 4/14
  2986 | D:4      | Noticed a steam dragon
  3162 | D:4      | HP: 1/28 [steam dragon (8)]
  3164 | D:4      | Slain by a steam dragon

Illustrated notes

Levels and vault maps discovered:
D:1:      dpeg_arrival_leaves_temple_mockup, layout_loops_ring, serial_shops,
          shop
D:2:      layout_loops_ring, basic_ecumenical_altar
D:3:      layout_basic, serial_shops, nicolae_shop_statue_plus,
          wad_floor_pattern_1, minmay_gold_behind_fungi, kennysheep_cross_room,
          amcnicky_mini_corridor_feature
D:4:      layout_cave_pods, minmay_temple_entry_statues_pillars

Skill      XL: |  1  2  3  4 |
---------------+-------------+-----
Dodging        | 3 |  3.8
Spellcasting   | 4 5 |  5.3
Conjurations   | 5 |  5.1
Hexes          | 1 |  1.6
Translocations | 1 |  1.2
Stealth        | |  2.7

Action                     |  1- 3 |  4- 6 || total
---------------------------+-------+-------++-------
  Melee: War axe           |       |     5 ||     5
   Cast: Magic Dart        |    69 |    42 ||   111
         Searing Ray       |       |     4 ||     4
    Use: Scroll            |     1 |    11 ||    12
         Potion            |       |     1 ||     1
 Armour: Robe              |     4 |    12 ||    16
  Dodge: Dodged            |     5 |     2 ||     7

Table legend: (Time is in decaauts)
 A = Elapsed time spent in this place.
 B = Non-inter-level travel time spent in this place.
 C = Inter-level travel time spent in this place.
 D = Time resting spent in this place.
 E = Time spent auto-exploring this place.
 F = Levels seen in this place.
 G = Mean time per level.
                   A        B        C        D        E       F      G
               +--------+--------+--------+--------+--------+-----+--------+
         Total |   3167 |   3133 |     34 |    346 |   2434 |   4 |  791.8 |
       Dungeon |   3167 |   3133 |     34 |    346 |   2434 |   4 |  791.8 |
               +--------+--------+--------+--------+--------+-----+--------+

Top non-repeatable levels by time:
     D:3: 1122 daAuts
     D:1: 984 daAuts
     D:2: 849 daAuts
     D:4: 211 daAuts
